[Event "*** Titled Tuesday Blitz"]
[Site "Chess.com"]
[Date "2020.05.05"]
[Round "2"]
[White "r31415"]
[Black "Azatic"]
[Result "1-0"]
[WhiteElo "2387"]
[BlackElo "2630"]
[TimeControl "180+1"]
[EndTime "10:17:57 PDT"]
[Termination "r31415 won by checkmate"]

1. e4 c5 2. Nf3 e6 3. d4 cxd4 4. Nxd4 a6 5. c4 Qc7 6. Nc3 Nf6 7. a3 Be7 8. Bd3 b6 9. O-O Bb7 10. Qe1 d6 11. b4 Nbd7 12. f4 b5 13. cxb5 O-O 14.
Bb2 axb5 15. Bxb5 Qb6 16. Na4 Rxa4 17. Bxa4 e5 18. Qe3 exd4 19. Bxd4 Qa6 20. Bxd7 Nxd7 21.
Qg3 Nf6 22. e5 Ne4 23. Qg4 dxe5 24. fxe5 g6 25. e6 f5 26. Qf4 Qxe6 27. Qc7 Ba6 28. Rfe1 Rc8 29. Qa7 Bf6 30. Rac1 Rd8 31. Red1 Bg5 32. Qg7# 1-0

[Event "*** Titled Tuesday Blitz"]
[Site "Chess.com"]
[Date "2020.05.05"]
[Round "2"]
[White "okriak"]
[Black "Katheksis"]
[Result "1-0"]
[WhiteElo "2823"]
[BlackElo "2438"]
[TimeControl "180+1"]
[EndTime "10:17:57 PDT"]
[Termination "okriak won by checkmate"]

1. Nf3 d5 2. e3 Nf6 3. c4 c6 4. Nc3 g6 5. d4 Bg7 6. Be2 O-O 7.
O-O Bg4 8. cxd5 cxd5 9. Qb3 Bc8 10. Ne5 b6 11. Bd2 Bb7 12. Rfc1 Nfd7 13. Nxd7 Qxd7 14. a3 Rc8 15. a4 e6 16. a5 bxa5 17.
Na4 Na6 18. Bxa5 Rab8 19. Qd1 Rxc1 20. Rxc1 Rc8 21. Rxc8+ Qxc8 22. b4 Bf8 23. Nc5 Nxc5 24. dxc5 Qc6 25. Qd3 a6 26. h4 Qa4 27. Qc3 Bg7 28.
Qc1 d4 29. exd4 Bxd4 30. Bf1 Qb3 31. Qf4 Qd5 32. h5 e5 33. Qg5 Kg7 34. h6+ Kf8 35. Bd8 e4 36. Qe7+ Kg8 37. Qe8# 1-0

[Event "*** Titled Tuesday Blitz"]
[Site "Chess.com"]
[Date "2020.05.05"]
[Round "2"]
[White "lamomiablanca"]
[Black "elohunter1999"]
[Result "0-1"]
[WhiteElo "2118"]
[BlackElo "2497"]
[TimeControl "180+1"]
[EndTime "10:17:57 PDT"]
[Termination "elohunter1999 won on time"]

1. Nf3 c5 2. e4 Nc6 3. d4 cxd4 4. Nxd4 Nf6 5. Nc3 e5 6. Ndb5 d6 7. Bg5 a6 8. Na3 b5 9. Nd5 Be7 10. Bxf6 Bxf6 11. c3 Bg5 12. Nc2 Rb8 13. Qd3 O-O 14.
g3 Ne7 15. Ncb4 Bb7 16. Nxe7+ Qxe7 17. h4 Bh6 18. Nd5 Bxd5 19. Qxd5 Kh8 20. Bh3 a5 21. a3 g6 22. h5 Kg7 23. hxg6 hxg6 24.
Rd1 Rb6 25. Kf1 f5 26. Kg2 Qf6 27. exf5 gxf5 28. Qf3 e4 29. Qe2 f4 30. Qxe4 fxg3 31. f3 b4 32. axb4 axb4 33. Rhe1 bxc3 34. Qe7+ Qxe7 35.
Rxe7+ Rf7 36. Rxf7+ Kxf7 37. bxc3 Bf4 38. Bf5 Rb2+ 39.
Kh3 Rh2+ 40. Kg4 g2 41. Kxf4 Rh1 0-1

[Event "*** Titled Tuesday Blitz"]
[Site "Chess.com"]
[Date "2020.05.05"]
[Round "2"]
[White "WonderChampion"]
[Black "Macron20hTF1"]
[Result "0-1"]
[WhiteElo "1826"]
[BlackElo "2347"]
[TimeControl "180+1"]
[EndTime "10:17:58 PDT"]
[Termination "Macron20hTF1 won by checkmate"]

1. e4 g6 2. d4 Bg7 3. Nc3 d6 4. Be2 a6 5. h4 h5 6. Nf3 b5 7. a3 Bb7 8. Be3 Nf6 9. Bd3 Nbd7 10. O-O Ng4 11. Ng5 c5 12. dxc5 dxc5 13. Bf4 O-O 14. Re1 Qb6 15. Be2 Rad8 16. Bxg4 Ne5 17. Qe2 Nxg4 18. Rad1 c4 19. Nd5 Bxd5 20. exd5 Bxb2 21. Bg3 Bxa3 22. Qe4 Bd6 23. Qf3 Bxg3 24. Qxg3 Qd6 25. Qf3 Qh2+ 26. Kf1 Qxh4 27. Nh3 Nh2+ 28. Kg1 Nxf3+ 29. gxf3 Qxh3 30. Rxe7 Qxf3 31. Rde1 Rxd5 32. R7e3 Rg5+ 33. Kf1 Qg2+ 34. Ke2 Rf5 35. Rf1 Rd8 36. Rg3 Qe4+ 37. Re3 Qxc2+ 38. Ke1 Qd2# 0-1

[Event "*** Titled Tuesday Blitz"]
[Site "Chess.com"]
[Date "2020.05.05"]
[Round "2"]
[White "DinaBelenkaya"]
[Black "PaulfromSPb"]
[Result "0-1"]
[WhiteElo "2133"]
[BlackElo "2603"]
[TimeControl "180+1"]
[EndTime "10:17:59 PDT"]
[Termination "PaulfromSPb won on time"]

1. e4 c5 2. Nf3 d6 3. Bb5+ Nd7 4.
c3 Nf6 5. Qe2 a6 6. Ba4 b5 7.
Bc2 e5 8. O-O Bb7 9. d4 Be7 10.
d5 O-O 11. Nbd2 Re8 12. b3 Bf8 13. Rd1 Qc7 14. a4 Qb6 15. a5 Qc7 16. Nf1 g6 17.
h3 Rab8 18. g4 b4 19. c4 h5 20. Ng5 Bg7 21. Kh1 Nf8 22. Ng3 hxg4 23. hxg4 N6h7 24. Kg2 Qe7 25. Nxh7 Nxh7 26. Rh1 Bf6 27. Rh2 Bg5 28. Bxg5 Qxg5 29. Rah1 Nf6 30. Bd1 Kg7 31. Qe3 Qxe3 32. fxe3 Rh8 33. Nf1 Nxe4 34. Rxh8 Rxh8 35. Rxh8 Kxh8 36.
Kf3 Ng5+ 37. Kg3 Bc8 0-1

[Event "*** Titled Tuesday Blitz"]
[Site "Chess.com"]
[Date "2020.05.05"]
[Round "2"]
[White "josiwales"]
[Black "Onischuk_V"]
[Result "0-1"]
[WhiteElo "2693"]
[BlackElo "2680"]
[TimeControl "180+1"]
[EndTime "10:18:00 PDT"]
[Termination "Onischuk_V won by resignation"]

1. e4 d6 2. d4 Nf6 3. Nc3 g6 4.
f4 Bg7 5. Nf3 O-O 6. Be2 Na6 7.
O-O c5 8. Kh1 cxd4 9. Nxd4 Nc5 10. Bf3 a6 11. Be3 Qc7 12. Qd2 e5 13. Nde2 b5 14.
Rad1 Bb7 15. Qxd6 Qxd6 16. Rxd6 Rac8 17. fxe5 Nfxe4 18. Nxe4 Bxe4 19. Bd4 Bxc2 20. Nc3 Ne6 21. Bg4 h5 22. Bh3 Rc4 23. Rxf7 Nxd4 24. Rxf8+ Bxf8 25. Rd8 Bf5 26. Bxf5 gxf5 27. g3 Ne6 28. Ra8 b4 29.
Nd5 Rd4 30. Nf6+ Kf7 31. Rxa6 h4 32. Kg2 hxg3 33. hxg3 Be7 34. Ra7 Rd2+ 35. Kh3 Ng5+ 36. Kh4 Kg6 37. g4 f4 0-1

[Event "*** Titled Tuesday Blitz"]
[Site "Chess.com"]
[Date "2020.05.05"]
[Round "2"]
[White "Igrok3069"]
[Black "KrakenBeast"]
[Result "1-0"]
[WhiteElo "2760"]
[BlackElo "2334"]
[TimeControl "180+1"]
[EndTime "10:18:00 PDT"]
[Termination "Igrok3069 won by resignation"]

1. d4 Nf6 2. c4 e6 3. Nc3 Bb4 4.
Qc2 O-O 5. a3 Bxc3+ 6. Qxc3 d5 7. Bg5 dxc4 8. Qxc4 b6 9. Rd1 Ba6 10. Qc2 Nbd7 11. e4 Bxf1 12. Kxf1 Qc8 13. Ne2 c5 14. f3 cxd4 15. Nxd4 Qxc2 16. Nxc2 Rac8 17. Ne3 h6 18. Bxf6 Nxf6 19. Ke2 Rfd8 20. Rxd8+ Rxd8 21. Rc1 Kf8 22. Rc7 Rd7 23. Rc8+ Ke7 24. Nc4 Rd8 25. Rxd8 Kxd8 26. Nd6 Ke7 27. Nc8+ Kd7 28. Nxa7 Ne8 29. Nb5 Kc6 30.
Nd4+ Kc5 31. Kd3 Nc7 32. b4+ Kd6 33. Kc4 Ne8 34. a4 Kc7 35. e5 Kb7 36. Nb5 Kc6 37. a5 bxa5 38. bxa5 f6 39. Nd4+ Kd7 40. exf6 gxf6 41.
a6 e5 42. a7 Nc7 43. Nb5 Na8 44. Kc5 h5 45. h4 f5 46. Nd6 e4 47. Nxf5 exf3 48. gxf3 Nc7 49. Ng7 Na6+ 50. Kb6 Nc7 51. Kb7 1-0

[Event "*** Titled Tuesday Blitz"]
[Site "Chess.com"]
[Date "2020.05.05"]
[Round "2"]
[White "Chessdemon2019"]
[Black "Philosopherrr"]
[Result "0-1"]
[WhiteElo "2230"]
[BlackElo "2460"]
[TimeControl "180+1"]
[EndTime "10:18:00 PDT"]
[Termination "Philosopherrr won by resignation"]

1. e4 e5 2. Nf3 Nc6 3. Bc4 Bc5 4.
c3 Nf6 5. d3 d6 6. Nbd2 O-O 7. O-O a5 8. h3 h6 9. Re1 a4 10. Nf1 Bd7 11. Ng3 Re8 12. Nh4 Nxe4 13. Rxe4 b5 14. Bd5 Qf6 15. Qf3 Qxf3 16. Nxf3 Rab8 17.
Be3 Ne7 18. Bxc5 Nxd5 19. Ba7 Ra8 20. Be3 f5 21. Rh4 f4 22. Bd2 fxg3 23. fxg3 Bf5 24.
Ne1 Nf6 25. g4 Bg6 26. g5 hxg5 27. Bxg5 c5 28. Rd1 a3 29. b3 Nd5 30. Bd2 Bf5 31. c4 Nc7 32. Rh5 Bh7 33. Rg5 Ne6 34. Rg3 Nd4 35. Bc3 Ne2+ 36. Kf2 Nxc3 37. Rd2 b4 38.
Nf3 e4 39. Ng5 exd3 40. Nxh7 Kxh7 41. Rdxd3 Ne4+ 42. Kf3 Nxg3 43. Kxg3 Re6 0-1

[Event "*** Titled Tuesday Blitz"]
[Site "Chess.com"]
[Date "2020.05.05"]
[Round "2"]
[White "Pittiplatsh"]
[Black "Sven_Tica"]
[Result "1/2-1/2"]
[WhiteElo "2497"]
[BlackElo "2711"]
[TimeControl "180+1"]
[EndTime "10:18:01 PDT"]
[Termination "Game drawn by repetition"]

1. e4 c5 2. Nf3 Nf6 3. e5 Nd5 4. Nc3 e6 5. Ne4 Nc6 6. c4 Ndb4 7. a3 Na6 8. b3 d5 9. exd6 Bxd6 10. Bb2 O-O 11.
Nxd6 Qxd6 12. d4 cxd4 13. Nxd4 Nc5 14. Nxc6 Qxc6 15. Be2 Qxg2 16. Bf3 Qg6 17. Ke2 e5 18. Rg1 Qf5 19. b4 Ne6 20. Rg3 Nf4+ 21. Kf1 Be6 22. Bg4 Bxc4+ 23. Kg1 Qf6 24. Qc2 b5 25. Re1 Rfe8 26. Qe4 h5 27. Bf3 Rad8 28. Bxe5 Rxe5 29.
Qxe5 Ne2+ 30. Rxe2 Rd1+ 31. Kg2 Qxe5 32. Rxe5 Bf1+ 33.
Kh1 Be2+ 34. Kg2 Bf1+ 35. Kh1 Be2+ 36. Kg2 Bf1+ 1/2-1/2

[Event "*** Titled Tuesday Blitz"]
[Site "Chess.com"]
[Date "2020.05.05"]
[Round "2"]
[White "zala02"]
[Black "FMVolodymyrSakun"]
[Result "0-1"]
[WhiteElo "2236"]
[BlackElo "2469"]
[TimeControl "180+1"]
[EndTime "10:18:01 PDT"]
[Termination "FMVolodymyrSakun won on time"]

1. d4 Nf6 2. c4 e6 3. Nc3 Bb4 4. Nf3 O-O 5. Bg5 h6 6. Bh4 d5 7.
e3 c6 8. Bd3 Nbd7 9. O-O b6 10.
cxd5 exd5 11. Rc1 Bb7 12. Bf5 Be7 13. Qc2 Re8 14. Rfd1 Nh5 15. Bxe7 Qxe7 16. a3 Nhf6 17. b4 a5 18. b5 c5 19. dxc5 Nxc5 20. Ne2 Nfe4 21.
Ned4 g6 22. Bh3 Qf6 23. Ne1 Nd6 24. Nd3 Nc4 25. a4 Qg5 26. Ra1 Ne4 27. Nb2 Nxe3 28. fxe3 Qxe3+ 29. Kf1 Bc8 30. Rd3 Qg5 0-1

[Event "*** Titled Tuesday Blitz"]
[Site "Chess.com"]
[Date "2020.05.05"]
[Round "2"]
[White "ALeks_Ivlev"]
[Black "wonderfultime"]
[Result "0-1"]
[WhiteElo "2566"]
[BlackElo "2918"]
[TimeControl "180+1"]
[EndTime "10:18:02 PDT"]
[Termination "wonderfultime won by resignation"]

1. d4 d5 2. c4 c6 3. Nf3 Nf6 4. e3 Bf5 5. Nbd2 e6 6. b3 Bd6 7.
Bb2 Nbd7 8. Be2 h6 9. O-O O-O 10. h3 Qe7 11. Ne5 Bh7 12. f4 a5 13. c5 Bxe5 14. fxe5 Ne4 15. Nxe4 Bxe4 16. a4 Qg5 17. Bf3 Qxe3+ 18. Kh2 f6 19. Bg4 Rae8 20.
exf6 Rxf6 21. Bc1 Qc3 22. Ra2 Ref8 23. Rxf6 Rxf6 24. Qd2 Qxb3 25. Rb2 Qxa4 26. Rxb7 Nf8 27. Ra7 Qb5 28. Qxa5 Qf1 29. Qd2 Rf2 30. Rxg7+ Kxg7 31. Qxh6+ Kf7 32. Bh5+ Kg8 33. Qg5+ Ng6 0-1

[Event "*** Titled Tuesday Blitz"]
[Site "Chess.com"]
[Date "2020.05.05"]
[Round "2"]
[White "DrVelja"]
[Black "ARMQUEEN"]
[Result "1-0"]
[WhiteElo "2641"]
[BlackElo "2350"]
[TimeControl "180+1"]
[EndTime "10:18:02 PDT"]
[Termination "DrVelja won by resignation"]

1. e4 e5 2. Nf3 Nf6 3. d4 Nxe4 4.
dxe5 d5 5. Nbd2 Nc5 6. Nb3 Ne6 7. Nbd4 c5 8. Bb5+ Bd7 9. Nxe6 fxe6 10. Bd3 c4 11.
Be2 Nc6 12. Be3 Qc7 13. O-O Nxe5 14. Nxe5 Qxe5 15. Bh5+ Kd8 16. Re1 Qd6 17. Bd4 Be7 18. Bxg7 Rg8 19. Be5 Qc6 20. Bf7 Rf8 21. Qh5 Bd6 22.
Bg7 Kc7 23. Bxf8 Rxf8 24. Bxe6 Bc5 25. Bxd7 Bxf2+ 26. Kh1 Qxd7 27. Qe5+ Kc8 28. Rf1 Rf5 29. Qe2 Qf7 30. Rad1 Bc5 31. Qg4 1-0

[Event "*** Titled Tuesday Blitz"]
[Site "Chess.com"]
[Date "2020.05.05"]
[Round "2"]
[White "AshotParvanyan"]
[Black "SahajGrover"]
[Result "0-1"]
[WhiteElo "2500"]
[BlackElo "2730"]
[TimeControl "180+1"]
[EndTime "10:18:04 PDT"]
[Termination "SahajGrover won on time"]

1. Nf3 d5 2. g3 Nc6 3. Bg2 e5 4. d3 Be6 5. O-O Qd7 6. Ng5 Bg4 7. h3 Bh5 8. Nc3 Nge7 9. a3 f6 10. Nf3 d4 11. Ne4 Nd5 12. c4 dxc3 13. Nxc3 Bf7 14. Bd2 O-O-O 15. Rc1 Kb8 16. Ne4 Be6 17. Kh2 g5 18. Nc5 Bxc5 19. Rxc5 h5 20. b4 g4 21. Ng1 h4 22. b5 Nd4 23. e3 Nf5 24. Bxd5 Bxd5 25.
e4 hxg3+ 26. fxg3 Rxh3+ 0-1

[Event "*** Titled Tuesday Blitz"]
[Site "Chess.com"]
[Date "2020.05.05"]
[Round "2"]
[White "tarantul1"]
[Black "Trickov"]
[Result "1-0"]
[WhiteElo "2588"]
[BlackElo "2300"]
[TimeControl "180+1"]
[EndTime "10:18:05 PDT"]
[Termination "tarantul1 won on time"]

1. e4 c5 2. Nf3 d6 3. d4 Nf6 4.
Nc3 cxd4 5. Nxd4 a6 6. h3 e5 7.
Nde2 b5 8. g4 Bb7 9. Bg2 Nbd7 10.
O-O Nb6 11. Ng3 Rc8 12. g5 Nfd7 13. h4 Qc7 14. a3 g6 15. Qe2 Bg7 16. h5 O-O 17. h6 Bh8 18. Rd1 Nc4 19. Nd5 Bxd5 20. exd5 f5 21. gxf6 Bxf6 22. Bh3 Kh8 23. Ne4 Ncb6 24.
c3 Rcd8 25. Bg5 Nc5 26. Bxf6+ Rxf6 27. Nxf6 Qe7 28. Ne4 Qh4 29. Bg2 Nbd7 30. Nxd6 Rf8 31. Ne4 Qxh6 32. Nxc5 Nxc5 33. Qxe5+ Kg8 34. d6 Qh4 35.
Qxc5 1-0

[Event "*** Titled Tuesday Blitz"]
[Site "Chess.com"]
[Date "2020.05.05"]
[Round "2"]
[White "RobPeresian"]
[Black "M1711"]
[Result "0-1"]
[WhiteElo "2283"]
[BlackElo "2539"]
[TimeControl "180+1"]
[EndTime "10:18:05 PDT"]
[Termination "M1711 won by checkmate"]

1. e4 e5 2. Nf3 Nc6 3. Bb5 a6 4. Bxc6 dxc6 5. O-O Bg4 6. h3 h5 7. d3 Qf6 8. Be3 Bxf3 9. Qxf3 Qxf3 10. gxf3 Bd6 11.
Nd2 Ne7 12. Nc4 f6 13. Nxd6+ cxd6 14. f4 Ng6 15. fxe5 dxe5 16. f4 exf4 17. Bxf4 Kf7 18. e5 Rhe8 19. exf6 gxf6 20. Bg5 Re6 21. Rf2 Ne5 22.
Bh4 Rg8+ 23. Kh2 Ng6 24. Bg5 Ne7 25. h4 Nd5 26. Raf1 Rg6 27. Bd2 c5 28. Re1 Rxe1 29.
Bxe1 Rg4 30. Rf5 Nf4 31. Rxc5 Rg2+ 32. Kh1 Re2 33. Bg3 Ne6 34. Rxh5 Rxc2 35. Rh7+ Kg6 36. Rxb7 Nd4 37. Rd7 Nf3 38. d4 Rxb2 39. d5 Rxa2 40. d6 Rd2 41. Rd8 Kf5 42. h5 Kg4 43. d7 Kxg3 44.
Rg8+ Kh3 45. d8=Q Rh2# 0-1

[Event "*** Titled Tuesday Blitz"]
[Site "Chess.com"]
[Date "2020.05.05"]
[Round "2"]
[White "OparinGrigoriy"]
[Black "nurgyulsalimova"]
[Result "0-1"]
[WhiteElo "2920"]
[BlackElo "2585"]
[TimeControl "180+1"]
[EndTime "10:18:06 PDT"]
[Termination "nurgyulsalimova won by checkmate"]

1. Nf3 d5 2. g3 Nf6 3. Bg2 e6 4. c4 Be7 5. d4 O-O 6. Nc3 dxc4 7. Ne5 Qd6 8. O-O Qa6 9. a4 c6 10. Bg5 Nbd7 11. Nxd7 Bxd7 12. e4 Rfe8 13. Qe2 h6 14. Bf4 Rad8 15. Rfd1 Bc8 16. Bf1 Bb4 17. f3 c5 18. dxc5 Bxc5+ 19. Kg2 Qb6 20. a5 Qb3 21. Be5 b5 22. axb6 axb6 23. Rab1 b5 24. Bxf6 gxf6 25. h4 b4 26. Nb5 Bb6 27. Qxc4 Qe3 28. Kh3 e5+ 29. Kh2 Qg1# 0-1

[Event "*** Titled Tuesday Blitz"]
[Site "Chess.com"]
[Date "2020.05.05"]
[Round "2"]
[White "827883"]
[Black "Mili_Brizzi"]
[Result "0-1"]
[WhiteElo "2209"]
[BlackElo "2444"]
[TimeControl "180+1"]
[EndTime "10:18:06 PDT"]
[Termination "Mili_Brizzi won by resignation"]

1. e4 e5 2. Nf3 Nc6 3. Bb5 a6 4. Ba4 d6 5. c3 Bd7 6. O-O g6 7. d4 Bg7 8. Re1 Nf6 9. h3 O-O 10. Nbd2 b5 11. Bc2 Re8 12. Nf1 Qe7 13. Ng3 Rad8 14.
a4 exd4 15. axb5 axb5 16. cxd4 Nb4 17. Bb3 c5 18. Bd2 Nd3 19. Re3 Nxb2 20. Qc2 cxd4 21.
Nxd4 Nc4 22. Bxc4 bxc4 23. Qxc4 Rc8 24. Qe2 h5 25. Ra7 h4 26. Nf1 Nxe4 27. Nf3 d5 28. Bb4 Qxb4 29. Rxd7 Bh6 30. Qd3 Bxe3 31. Nxe3 Rc1+ 32.
Kh2 Qb8+ 33. g3 hxg3+ 34. Kg2 gxf2 35. Nf1 Rxf1 36. Kxf1 Qg3 37. Qxd5 Qxh3+ 38. Ke2 f1=Q+ 0-1

[Event "*** Titled Tuesday Blitz"]
[Site "Chess.com"]
[Date "2020.05.05"]
[Round "2"]
[White "NewBornNow"]
[Black "Sjakkerntobi"]
[Result "0-1"]
[WhiteElo "2592"]
[BlackElo "2243"]
[TimeControl "180+1"]
[EndTime "10:18:07 PDT"]
[Termination "Sjakkerntobi won by resignation"]

1. e4 e6 2. d3 d5 3. Qe2 c5 4.
Nf3 Nc6 5. g3 Nf6 6. Bg2 Be7 7.
O-O O-O 8. e5 Nd7 9. h4 b5 10.
Bf4 Bb7 11. Nbd2 Qb6 12. Nh2 Rfc8 13. c3 Qd8 14. Ndf3 a5 15. h5 h6 16. g4 b4 17. c4 Nd4 18. Nxd4 cxd4 19. cxd5 Bxd5 20. Bxd5 exd5 21. Bg3 Nc5 22. f4 Bh4 23. Kg2 Bxg3 24. Kxg3 Qd7 25. f5 Qb5 26. Rad1 Re8 27. Nf3 Rac8 28.
Nxd4 Qb8 29. Nf3 f6 30. d4 Ne4+ 31. Kg2 b3 32. axb3 fxe5 33. dxe5 Rxe5 34. Nxe5 Qxe5 35. Rf3 d4 36. Qd3 Ng5 37. Qxd4 Rc2+ 38. Rf2 Rxf2+ 39.
Kxf2 Qh2+ 40. Kf1 Qh1+ 41. Ke2 Qf3+ 42. Kd2 Ne4+ 43. Kc2 Qe2+ 44. Kb1 Nf2 45. Rc1 Nd3 46. Rc8+ Kh7 47. b4 Qd1+ 48. Ka2 Nxb4+ 49. Qxb4 axb4 0-1

[Event "*** Titled Tuesday Blitz"]
[Site "Chess.com"]
[Date "2020.05.05"]
[Round "2"]
[White "Twitch_ElhamBlitz05"]
[Black "Boliviar"]
[Result "1-0"]
[WhiteElo "2646"]
[BlackElo "2314"]
[TimeControl "180+1"]
[EndTime "10:18:07 PDT"]
[Termination "Twitch_ElhamBlitz05 won on time"]

1. e4 c5 2. Ne2 Nf6 3. Nbc3 Nc6 4. d4 cxd4 5. Nxd4 g6 6. Bc4 Bg7 7. Bb3 d6 8. f3 O-O 9. Be3 Na5 10. Qd2 Nxb3 11. axb3 a6 12. O-O Bd7 13. Rad1 Qc7 14. Bh6 Qc5 15. Bxg7 Kxg7 16. Qf2 Rac8 17. Rd2 Bc6 18.
Rfd1 Rfd8 19. Ne6+ fxe6 20. Qxc5 dxc5 21. Rxd8 Rc7 22.
e5 Nd7 23. f4 Kf7 24. Kf2 b6 25. Ne4 h6 26. Ke3 Nf8 27. g4 c4 28. bxc4 Bxe4 29. Kxe4 Rxc4+ 30. Kd3 Rxf4 31. Kc3 g5 32. Rb8 Ng6 33.
Rxb6 Nxe5 34. Rxa6 Nxg4 35. b4 Ne3 36. Rd4 Nd5+ 37. Rxd5 exd5 38. b5 Rc4+ 39. Kb3 h5 40.
Ra8 g4 41. Rb8 h4 42. b6 Rc6 43. b7 Rb6+ 44. Kc3 g3 45. hxg3 hxg3 46. Rh8 Rxb7 47. Rh7+ Ke6 48. Rh3 Kd6 49. Rxg3 e6 50. Rg6 Rc7+ 51.
Kd3 Rc4 52. c3 Re4 53. Rg8 Rf4 54. Rd8+ Ke5 55. Re8 Rf3+ 56. Kd2 Rf4 57. Rh8 Kd6 58. Kd3 Rf3+ 59. Kc2 Rg3 60. Kb3 d4 61. Rd8+ Ke5 62.
Rxd4 Kf5 63. Rd8 e5 64. Kc4 1-0

[Event "*** Titled Tuesday Blitz"]
[Site "Chess.com"]
[Date "2020.05.05"]
[Round "2"]
[White "Konavets"]
[Black "Gennady_Kozlov"]
[Result "0-1"]
[WhiteElo "2929"]
[BlackElo "2589"]
[TimeControl "180+1"]
[EndTime "10:18:08 PDT"]
[Termination "Gennady_Kozlov won by resignation"]

1. e4 e6 2. d4 d5 3. Nc3 Nf6 4. e5 Nfd7 5. f4 c5 6. Nf3 Nc6 7. Be3 Qb6 8. Na4 Qa5+ 9. c3 cxd4 10. b4 Nxb4 11. cxb4 Bxb4+ 12. Bd2 Bxd2+ 13. Nxd2 a6 14. Nb2 Nc5 15. Rc1 Bd7 16. Bd3 Ba4 17. Rxc5 Qxc5 18. Qxa4+ b5 19. Qc2 Qc3 20. Ke2 Rc8 21. Rc1 Ke7 22.
Nb3 f6 23. Qd2 Qxd2+ 24. Kxd2 Rxc1 25. Nxc1 fxe5 26. fxe5 Rf8 27. Ke1 g6 28. Ne2 Rc8 29. Bb1 a5 30. Bd3 b4 31. Nxd4 Rc1+ 32. Kd2 Ra1 33. Nb3 Rxa2 34. Kc1 a4 35. Nd2 a3 36. Na4 Ra1+ 37. Kc2 a2 38. Nb3 Rb1 39. Nac5 a1=Q 40. Nxa1 Rxa1 41. Be2 Ra2+ 42. Kd3 Rb2 43. Bf3 b3 44. h4 h6 45. h5 gxh5 46. Bxh5 Rxg2 47. Nxb3 Rg5 48. Bf3 Rxe5 49. Nd4 Rg5 50. Ne2 Kd6 51. Nf4 e5 52. Nxd5 Rg3 0-1

[Event "*** Titled Tuesday Blitz"]
[Site "Chess.com"]
[Date "2020.05.05"]
[Round "2"]
[White "Paladin61"]
[Black "Teo2000"]
[Result "1-0"]
[WhiteElo "2656"]
[BlackElo "2417"]
[TimeControl "180+1"]
[EndTime "10:18:08 PDT"]
[Termination "Paladin61 won on time"]

1. d4 Nf6 2. c4 c5 3. d5 b5 4. cxb5 e6 5. Nc3 exd5 6. Nxd5 Bb7 7.
e4 Nxe4 8. Bf4 Bd6 9. Bxd6 Nxd6 10. Qe2+ Kf8 11. O-O-O a6 12. Qe5 Ne8 13. Nf3 d6 14.
Qf4 Nd7 15. Ng5 Ndf6 16. Nxf6 Qxf6 17. Qxf6 gxf6 18. Nh3 axb5 19. Kb1 b4 20. f3 Ke7 21.
Nf4 Rd8 22. Bc4 Nc7 23. Rhe1+ Kf8 24. Nh5 d5 25. Nxf6 Rd6 26. Ne4 dxe4 27. Rxd6 exf3 28.
gxf3 1-0

[Event "*** Titled Tuesday Blitz"]
[Site "Chess.com"]
[Date "2020.05.05"]
[Round "2"]
[White "larisakalinina"]
[Black "ljuks68"]
[Result "0-1"]
[WhiteElo "2031"]
[BlackElo "2366"]
[TimeControl "180+1"]
[EndTime "10:18:08 PDT"]
[Termination "ljuks68 won on time"]

1. e4 e6 2. d3 d5 3. Qe2 Be7 4. Nf3 Nf6 5. g3 O-O 6. Bg2 b5 7. O-O Bb7 8. e5 Nfd7 9. d4 c5 10. c3 b4 11. Re1 Nc6 12. Nbd2 bxc3 13. bxc3 cxd4 14. cxd4 Nb4 15. Nb3 Ba6 16. Qd1 Rc8 17. Nc5 Nxc5 18. dxc5 Bxc5 19. Qa4 Qe8 20. Qxe8 Rfxe8 21. Rd1 Nd3 22. Be3 Bxe3 23. fxe3 Rc2 24. Bf1 Nc5 25. Nd4 Rc3 26. Bxa6 Nxa6 27. Kf2 Nc5 28. Kf3 Nd7 29. Kf4 g5+ 30. Kxg5 Rxe3 31. Re1 Rxe5+ 0-1

[Event "*** Titled Tuesday Blitz"]
[Site "Chess.com"]
[Date "2020.05.05"]
[Round "2"]
[White "JessPinkman"]
[Black "giantslayer83"]
[Result "0-1"]
[WhiteElo "2473"]
[BlackElo "2690"]
[TimeControl "180+1"]
[EndTime "10:18:09 PDT"]
[Termination "giantslayer83 won on time"]

1. e4 e5 2. Nf3 Nc6 3. Bb5 a6 4. Ba4 Nge7 5. c3 g6 6. d4 exd4 7. cxd4 b5 8. Bc2 d5 9. exd5 Nxd5 10. O-O Bg7 11. Re1+ Be6 12. Bg5 Qd7 13. Nbd2 Ndb4 14. Ne4 O-O 15. Nf6+ Bxf6 16. Bxf6 Nd5 17. Bg5 f6 18.
Bh6 Rfe8 19. h3 Bf7 20. Rc1 Rxe1+ 21. Qxe1 Re8 22. Qd2 Nce7 23. Qa5 Nf5 24. Bxf5 Qxf5 25. Qxa6 Nb4 26. Qa5 Nd3 27. Rxc7 g5 28. Qa7 Qg6 29. h4 g4 30. Nd2 Qxh6 31. Rxf7 Re1+ 0-1

[Event "*** Titled Tuesday Blitz"]
[Site "Chess.com"]
[Date "2020.05.05"]
[Round "2"]
[White "MightyGMpretender"]
[Black "DanielTitichoca"]
[Result "1-0"]
[WhiteElo "2572"]
[BlackElo "2296"]
[TimeControl "180+1"]
[EndTime "10:18:09 PDT"]
[Termination "MightyGMpretender won on time"]

1. Nf3 c5 2. c4 Nc6 3. Nc3 g6 4. e3 Nf6 5. d4 cxd4 6. exd4 d5 7. cxd5 Nxd5 8. Bc4 Nb6 9. Bb5 a6 10. Bxc6+ bxc6 11. O-O Bg7 12. h3 O-O 13. Bg5 h6 14.
Bf4 Be6 15. Rc1 Nd5 16. Bd2 Nxc3 17. bxc3 Bxa2 18. c4 Rb8 19. Qa4 Bb3 20. Qxa6 Qc7 21.
Ba5 Qb7 22. Qxb7 Rxb7 23. Rfe1 Ra8 24. Bd2 Ra4 25. Rb1 Rxc4 26. Re3 Bxd4 27. Rexb3 Rxb3 28. Rxb3 Bg7 29. Rb8+ Kh7 30. Rb7 Bf6 31. Rc7 Rc2 32. Be3 Kg7 33. g4 e5 34. Nd2 Bd8 35. Rd7 Bh4 36.
Ne4 Rc4 37. Rxf7+ Kxf7 38. Nd6+ Ke6 39. Nxc4 Kd5 40. Nb6+ Ke4 41. Kf1 Kf3 42. Nd7 Ke4 43.
Bxh6 g5 44. Bg7 c5 45. Nxc5+ Kf3 46. Nd3 e4 47. Ne1+ Kf4 48. Bd4 e3 49. Bxe3+ Ke4 50.
Ng2 1-0

[Event "*** Titled Tuesday Blitz"]
[Site "Chess.com"]
[Date "2020.05.05"]
[Round "2"]
[White "Artem_Koval"]
[Black "chorejason"]
[Result "1-0"]
[WhiteElo "2434"]
[BlackElo "2195"]
[TimeControl "180+1"]
[EndTime "10:18:09 PDT"]
[Termination "Artem_Koval won by resignation"]

1. e4 c5 2. Nf3 d6 3. d4 cxd4 4. Nxd4 Nf6 5. Nc3 g6 6. f4 Nc6 7. Nxc6 bxc6 8. Bd3 Bg7 9. O-O O-O 10. Kh1 Rb8 11.
Qe1 Qa5 12. Rb1 Qh5 13. Bd2 Ng4 14. Qg3 Nf6 15. f5 gxf5 16. exf5 Qg4 17. Qe3 Nd5 18. Nxd5 cxd5 19. Qxe7 Bb7 20. f6 d4 21. Rf2 Rfe8 22. Qxd6 Bf8 23. Qf4 Qxf4 24. Bxf4 Rbc8 25. Bd2 a6 26.
Re1 Rxe1+ 27. Bxe1 Re8 28. Re2 Rxe2 29. Bxe2 Bd6 30.
Bg3 Bxg3 31. hxg3 Be4 32. Bd3 Bb7 33. g4 h6 34. Kh2 Kf8 35. Kg3 Ke8 36. Kh4 Bxg2 37.
Kh5 a5 38. Kxh6 Bd5 39. a3 Kd7 40. Kg7 Ke6 41. g5 Ke5 42. g6 fxg6 43. Bxg6 1-0

[Event "*** Titled Tuesday Blitz"]
[Site "Chess.com"]
[Date "2020.05.05"]
[Round "2"]
[White "Shivagami"]
[Black "etesungam"]
[Result "0-1"]
[WhiteElo "2148"]
[BlackElo "2416"]
[TimeControl "180+1"]
[EndTime "10:18:09 PDT"]
[Termination "etesungam won by resignation"]

1. d4 Nf6 2. c4 c6 3. Bf4 d5 4. e3 Bf5 5. Nc3 e6 6. Qb3 Qb6 7. c5 Qxb3 8. axb3 Nh5 9. Bxb8 Rxb8 10. Rxa7 Be7 11. Be2 Nf6 12. Nf3 Nd7 13. Na4 Bd8 14. O-O b6 15. cxb6 Bxb6 16. Nxb6 Nxb6 17. Rc1 Nc8 18.
Rc7 Ne7 19. Rc3 Bg4 20. h3 Bxf3 21. gxf3 Rf8 22. Kf1 Kd8 23. Ra7 Nc8 24. Ra5 Kd7 25. Ke1 Rb7 26. Ba6 Rc7 27. Kd2 Nd6 28. Bd3 Rb8 29.
Kc2 Rcb7 30. Rac5 Rb6 31. e4 Nb7 32. Rxc6 Rxc6 33. Bb5 Nd8 34. exd5 Rxb5 35. dxc6+ Nxc6 0-1

[Event "*** Titled Tuesday Blitz"]
[Site "Chess.com"]
[Date "2020.05.05"]
[Round "2"]
[White "Semen16"]
[Black "hedgehog280"]
[Result "0-1"]
[WhiteElo "2315"]
[BlackElo "2643"]
[TimeControl "180+1"]
[EndTime "10:18:10 PDT"]
[Termination "hedgehog280 won by resignation"]

1. e4 c6 2. d4 d5 3. e5 Bf5 4. Nd2 e6 5. Nb3 c5 6. dxc5 Nd7 7. Nf3 a6 8. Be3 Qc7 9. Nbd4 Bg6 10. b4 b6 11.
cxb6 Bxb4+ 12. Bd2 Qxb6 13. Bd3 Bxd3 14. cxd3 Nxe5 15.
Nxe5 Bxd2+ 16. Qxd2 Qxd4 17. O-O Qxe5 18. Rfe1 Qc7 19.
Qg5 Ne7 20. Rac1 Qd6 21. Qxg7 Rg8 22. Qxh7 Rb8 23. h3 Rb2 24. Rc3 Qb6 25. Rc8+ Kd7 26. Rxg8 Qxf2+ 27. Kh2 Qxe1 28. Qxf7 Qe5+ 29. Rg3 Re2 30.
Qg7 Qxg7 31. Rxg7 Rxa2 32. h4 Ke8 33. h5 Kf8 34. Rg3 Nf5 35. Rg6 Kf7 36. Kh3 a5 37.
g4 Ne7 38. Rg5 Ra1 39. Kg2 Kf6 40. h6 Kxg5 41. h7 Ng6 0-1